 Dungeon Crawl Stone Soup version 0.31-a0-851-g7ff8af7976 (webtiles) character file.

Game seed: 14454258567519009730

53 randomguy2701 the Ducker (level 3, 35/35 HPs)
             Began as a Gnoll Wanderer on Oct 6, 2023.
             Was a Follower of Trog.
             Quit the game on level 2 of the Dungeon.
             The game lasted 00:02:06 (1321 turns).

randomguy2701 the Ducker (Gnoll Wanderer)           Turns: 1321, Time: 00:02:07

Health: 35/35      AC:  5    Str: 15    XL:     3   Next: 89%
Magic:  7/7        EV: 13    Int:  9    God:    Trog [*.....]
Gold:   19         SH:  0    Dex: 11    Spells: 7/7 levels left

rFire   . . .        a - +0 club
rCold   . . .        (no shield)
rNeg    . . .        d - +2 leather armour
rPois   .            (no helmet)
rElec   .            m - scarf {repulsion}
rCorr   +            (no gloves)
SInv    .            (no boots)
Will    +....        (no amulet)
Stlth   ++           e - ring of resist corrosion
HPRegen 0.25/turn    i - ring of willpower
MPRegen 0.10/turn

%: repel missiles
@: no status effects
A: fangs 1, strong nose, distributed training
a: Renounce Religion, Berserk


You were on level 2 of the Dungeon.
You worshipped Trog.
Trog was aware of your devotion.
You visited 1 branch of the dungeon, and saw 2 of its levels.

You collected 19 gold pieces.

Inventory:

Hand Weapons
 a - a +0 club (weapon)
Armour
 d - a +2 leather armour (worn)
 m - a scarf of repulsion (worn)
Jewellery
 e - a ring of resist corrosion (left hand)
 i - a ring of willpower (right hand)
Scrolls
 c - a scroll of teleportation
 g - 2 scrolls of identify {unknown}
 h - a scroll of enchant armour {unknown}
 j - a scroll of immolation {unknown}
 l - a scroll of noise {unknown}
Potions
 b - a potion of lignification
 f - a potion of brilliance {unknown}
 k - a potion of mutation {unknown}


   Skills:
 + Level 6.5 Fighting
 + Level 1.0 Short Blades
 + Level 1.0 Long Blades
 + Level 1.0 Axes
 + Level 1.0 Maces & Flails
 + Level 1.0 Polearms
 + Level 1.0 Staves
 + Level 1.0 Ranged Weapons
 + Level 1.0 Throwing
 + Level 2.7 Armour
 + Level 6.5 Dodging
 + Level 2.5 Stealth
 + Level 1.0 Shields
 + Level 1.0 Unarmed Combat
 + Level 2.9 Spellcasting
 + Level 0.7 Conjurations
 + Level 0.7 Hexes
 + Level 0.7 Summonings
 + Level 0.7 Necromancy
 + Level 0.7 Translocations
 + Level 0.7 Transmutations
 + Level 0.7 Fire Magic
 + Level 0.7 Ice Magic
 + Level 0.7 Air Magic
 + Level 0.7 Earth Magic
 + Level 0.7 Poison Magic
 + Level 1.1 Invocations
 + Level 2.7 Evocations
 + Level 0.9 Shapeshifting


You had 7 spell levels left.
You didn't know any spells.
Your spell library contained the following spells:

 Spells                   Type           Power      Damage    Failure   Level
 Tukima's Dance           Hex            2%         N/A       63%         3
 Passage of Golubria      Tloc           2%         N/A       95%         4
 Yara's Violent Unravell  Hex/Tmut       1%         3d3       100%        5


Dungeon Overview and Level Annotations

Branches:
Dungeon (2/15)

Altars:
Trog


Innate Abilities, Weirdness & Mutations

You have very sharp teeth.
Your uncanny sense of smell can sniff out nearby items.
Your experience applies equally to all skills.


Message History

The dart slug closely misses you.
You hit the dart slug.
The dart slug is almost dead.
The dart slug bites you but does no damage.
You hit the dart slug.
You kill the dart slug!
No target in view!
No target in view!
A quokka comes into view.
A quokka is nearby!
You see here a scroll labelled UGEJ ZIAMI.
The quokka misses you.
You closely miss the quokka. The quokka misses you.
The quokka barely misses you.
You miss the quokka. Your bite misses the quokka. The quokka bites you.
You hit the quokka.
The quokka is severely wounded.
The quokka bites you but does no damage.
The quokka closely misses you.
You completely miss the quokka. You bite the quokka.
You kill the quokka!
No target in view!
No target in view!
No target in view!
No target in view!
No target in view!
No target in view!
No target in view!
Search for what [Enter for "armo", or ? for help]? alt
g - 2 scrolls labelled UGEJ ZIAMI (gained 1)
There is a faded altar of an unknown god here.
This altar belongs to (a) Trog, (b) Qazlal or (c) Hepliaklqana, but you can't tell which.
Press the corresponding letter to learn more about a god, or press enter to convert or escape to cancel.
Trog accepts your prayer! Trog welcomes you!
You can now go berserk at will.
Unknown command.
Press < or > to pray at altars.
Are you sure you want to abandon this character and quit the game? (Confirm with "yes".)
Okay, then.
Are you sure you want to abandon this character and quit the game? (Confirm with "yes".)

#...# #...#♣.♣ ♣.♣#.###
#...# #....♣.♣♣♣♣.♣....#
#...#####....♣..♣♣..♣....#
#.............♣.♣.♣♣♣....#
#..######..♣♣.♣...♣#.....#
###### #..
##♣.♣♣♣.∩.♣♣♣♣...###.....
##.
♣...♣...♣♣..♣...##..... #.
♣♣........♣♣♣...##..... #.
♣♣..8@8.♣♣ +...''..... #.
♣♣♣♣♣♣♣♣ #...##..... #.
#...##..... ######.....
#..... #..... ######


There were no monsters in sight!

Vanquished Creatures
  An adder (D:2)
  A gnoll (D:1)
  2 dart slugs
  A ball python (D:1)
  4 endoplasms
  A goblin (D:1)
  4 hobgoblins (D:1)
  5 quokkas
  4 bats (D:1)
  A frilled lizard (D:1)
  2 kobolds (D:1)
  2 rats (D:1)
28 creatures vanquished.

Notes
Turn   | Place    | Note
-------+----------+-------------------------------------------
     0 | D:1      | randomguy2701 the Gnoll Wanderer began the quest for the
                  | Orb.
     0 | D:1      | randomguy2701 set off with the following items: a +0 club,
                  | a potion of lignification, a scroll of teleportation, a +2
                  | leather armour.
     0 | D:1      | Reached XP level 1. HP: 23/23 MP: 4/4
   175 | D:1      | Reached XP level 2. HP: 25/29 MP: 5/5
   418 | D:1      | Reached XP level 3. HP: 8/35 MP: 7/7
   982 | D:1      | Reached skill level 1 in Invocations
  1207 | D:2      | Reached skill level 1 in Short Blades
  1207 | D:2      | Reached skill level 1 in Long Blades
  1207 | D:2      | Reached skill level 1 in Axes
  1207 | D:2      | Reached skill level 1 in Maces & Flails
  1207 | D:2      | Reached skill level 1 in Polearms
  1207 | D:2      | Reached skill level 1 in Staves
  1207 | D:2      | Reached skill level 1 in Ranged Weapons
  1207 | D:2      | Reached skill level 1 in Throwing
  1207 | D:2      | Reached skill level 1 in Shields
  1207 | D:2      | Reached skill level 1 in Unarmed Combat
  1241 | D:2      | Found a faded altar of an unknown god.
  1320 | D:2      | Prayed at the altar of an unknown god.
  1320 | D:2      | Became a worshipper of Trog the Wrathful
  1320 | D:2      | Reached * piety under Trog
  1321 | D:2      | Quit the game

Illustrated notes

Levels and vault maps discovered:
D:1:      amcnicky_arrival_choice, layout_loops_ring, nicolae_grassy_gnolls
D:2:      layout_basic, shapermc_ecumenical_altar_totnotflames

Skill      XL: |  1  2  3 |
---------------+----------+-----
Invocations    | 1 |  1.1
Short Blades   | 1 |  1.0
Long Blades    | 1 |  1.0
Axes           | 1 |  1.0
Maces & Flails | 1 |  1.0
Polearms       | 1 |  1.0
Staves         | 1 |  1.0
Ranged Weapons | 1 |  1.0
Throwing       | 1 |  1.0
Shields        | 1 |  1.0
Unarmed Combat | 1 |  1.0
Fighting       | |  6.5
Armour         | |  2.7
Dodging        | |  6.5
Stealth        | |  2.5
Spellcasting   | |  2.9
Conjurations   | |  0.7
Hexes          | |  0.7
Summonings     | |  0.7
Necromancy     | |  0.7
Translocations | |  0.7
Transmutations | |  0.7
Fire Magic     | |  0.7
Ice Magic      | |  0.7
Air Magic      | |  0.7
Earth Magic    | |  0.7
Poison Magic   | |  0.7
Evocations     | |  2.7
Shapeshifting  | |  0.9

Action                     || total
---------------------------++-------
  Melee: Club              ||   166
         Bite              ||    17
         Punch             ||     3
   Stab: Sleeping          ||     4
 Armour: Leather armour    ||    95
  Dodge: Dodged            ||   139

Table legend: (Time is in decaauts)
 A = Elapsed time spent in this place.
 B = Non-inter-level travel time spent in this place.
 C = Inter-level travel time spent in this place.
 D = Time resting spent in this place.
 E = Time spent auto-exploring this place.
 F = Levels seen in this place.
 G = Mean time per level.
                   A        B        C        D        E       F      G
               +--------+--------+--------+--------+--------+-----+--------+
         Total |   1366 |   1277 |     89 |      0 |    916 |   2 |  683.0 |
       Dungeon |   1366 |   1277 |     89 |      0 |    916 |   2 |  683.0 |
               +--------+--------+--------+--------+--------+-----+--------+

Top non-repeatable levels by time:
     D:1: 1222 daAuts
     D:2: 143 daAuts
